 Dungeon Crawl Stone Soup version 0.17-a0-1583-g2df49ec (webtiles) character file.

185 Tobbichi the Poker (level 5, -1/45 HPs)
             Began as a Draconian Fighter on July 26, 2015.
             Slain by an orc wizard
             ... wielding a +0 dagger
              (3 damage)
             ... on level 3 of the Dungeon on July 28, 2015.
             The game lasted 00:06:27 (1797 turns).

Tobbichi the Poker (Draconian Fighter)              Turns: 1797, Time: 00:06:28

Health: -1/45      AC:  5    Str: 19    XL:     5   Next: 37%
Magic:  5/5        EV: 10    Int:  9    God:
Gold:   93         SH:  9    Dex: 10    Spells: 0 memorised, 4 levels left

rFire  . . .     SeeInvis .     a - +0 trident
rCold  . . .     Clarity  .     (armour unavailable)
rNeg   . . .     SustAt   .     b - +0 shield
rPois  .         Gourm    .     (helmet restricted)
rElec  .         Spirit   .     (no cloak)
rCorr  .         Warding  .     (no gloves)
rMut   .         Stasis   .     (no boots)
MR     .....                    (no amulet)
Stlth  +.........               (no ring)
                                (no ring)

@: not resistant to hostile enchantments, very unstealthy
A: unfitting armour, cold-blooded, AC +5
a: no special abilities


You were on level 3 of the Dungeon.
You were not hungry.

You visited 1 branch of the dungeon, and saw 3 of its levels.

You collected 93 gold pieces.

Inventory:

Hand weapons
 a - a +0 trident (weapon)
Armour
 b - a +0 shield (worn)
Magical devices
 k - a wand of confusion (29)
Scrolls
 e - a scroll of recharging {unknown}
 f - a scroll of amnesia {unknown}
 j - 2 scrolls of identify {unknown}
 l - a scroll of magic mapping {unknown}
 m - a scroll of enchant armour {unknown}
 o - a scroll of blinking {unknown}
 p - a scroll of enchant weapon {unknown}
 s - a scroll of teleportation {unknown}
Potions
 c - 4 potions of might
 g - a potion of mutation {unknown}
 i - 2 potions of flight {unknown}
 n - 2 potions of haste
Comestibles
 d - 2 bread rations
 h - a beef jerky
 q - 3 fruits
 r - a meat ration


   Skills:
 - Level 3.2 Fighting
 + Level 5.7 Polearms
 - Level 2.6 Dodging
 - Level 3.0 Shields


You had 4 spell levels left.
You didn't know any spells.

Dungeon Overview and Level Annotations

Branches:
Dungeon (3/15)

Altars:
Cheibriados


Innate Abilities, Weirdness & Mutations

Your plain brown scales are hard (AC +5).
Your body does not fit into most forms of armour.
You are cold-blooded and may be slowed by cold attacks.


Message History

You block the jackal's attack.
The jackal bites you but does no damage.
The orc priest closely misses you.
You barely miss the orc priest.
The orc priest is almost dead.
The jackal completely misses you. The orc priest hits you.
* * * LOW HITPOINT WARNING * * *
You block the jackal's attack.
You barely miss the orc priest.
The orc priest is almost dead.
You block the jackal's attack. The orc priest hits you.
* * * LOW HITPOINT WARNING * * *
You barely miss the orc priest.
The orc priest is almost dead.
The jackal closely misses you. You block the orc priest's attack.
The jackal bites you but does no damage.
You hit the orc priest.
You kill the orc priest!
The jackal misses you. The orc wizard hits you with a dagger.
You die...

### .# ...# ###
......# #...
.....# ..... ....
......####.# .#
#...wo@h..#####
.#
#....##.......#
.## #...
#.......# .#. ##.
#$[)....######.#.
#
##.......).....#.
#†########..†.#.
#.# #.#.##. #..
#.#.... #..
#.#..#.


You could see a worm, an orc wizard and a jackal.

Vanquished Creatures
  2 orc priests (D:3)
  Jessica (D:2)
  4 adders
  3 giant geckos
  2 orcs (D:3)
  2 giant cockroaches
  12 hobgoblins
  4 jackals (D:1)
  2 quokkas (D:3)
  4 ball pythons
  7 bats
  2 giant newts (D:3)
  4 goblins
  5 kobolds
  6 rats
60 creatures vanquished.

Notes
Turn   | Place    | Note
--------------------------------------------------------------
     0 | D:1      | Tobbichi the Draconian Fighter began the quest for the Orb.
     0 | D:1      | Reached XP level 1. HP: 19/19 MP: 1/1
    82 | D:1      | Reached XP level 2. HP: 17/26 MP: 2/2
   883 | D:1      | Reached XP level 3. HP: 31/31 MP: 3/3
   952 | D:2      | Noticed Jessica
   978 | D:2      | Killed Jessica
   978 | D:2      | Reached skill level 4 in Polearms
  1002 | D:2      | Reached XP level 4. HP: 34/38 MP: 4/4
  1450 | D:2      | Found a snail-covered altar of Cheibriados.
  1451 | D:2      | Upgraded the game from 0.17-a0-1575-g9a29ec8 to 0.17-a0-1583-g2df49ec
  1766 | D:3      | Reached skill level 5 in Polearms
  1787 | D:3      | Reached XP level 5. HP: 22/45 MP: 5/5
  1795 | D:3      | HP: 2/45 [orc priest (3)]
  1797 | D:3      | Slain by an orc wizard

Vault maps used:
D:1:      co_arrival_random_square_maze
D:2:      lemuel_coloured_pillars_altar, uniq_jessica
D:3:      portal_sewer_entry_e, uniq_crazy_yiuf_cottage

Action                   |  1- 3 |  4- 6 || total
-------------------------+-------+-------++-------
Melee: Trident           |    82 |    99 ||   181
 Stab: Sleeping          |     1 |     2 ||     3
  Eat: Chunk             |       |     3 ||     3
